 Dungeon Crawl Stone Soup version 0.29.1-2-gbd0b4ee654 (webtiles) character file.

Game seed: 16963973862103349484

269 Descartes the Chopper (level 6, -5/78 HPs)
             Began as a Meteoran Chaos Knight on Nov 29, 2022.
             Was a Plaything of Xom.
             Slain by a gnoll
             ... wielding a +1 halberd of venom
              (12 damage)
             ... on level 4 of the Dungeon.
             The game lasted 00:10:28 (1121 turns).

Descartes the Chopper (Meteoran Chaos Knight)       Turns: 1121, Time: 00:10:29

Health: -5/78      AC:  5    Str: 15    XL:     6   Next: 75%
Magic:  7/7        EV: 12    Int: 14    God:    Xom [....*.]
Gold:   37         SH:  0    Dex: 14    Spells: 5/5 levels left

rFire   . . .      SeeInvis .   a - +0 hand axe (chaos)
rCold   . . .      Faith    .   (no shield)
rNeg    . . .      Spirit   .   b - +2 leather armour
rPois   .          Reflect  .   (no helmet)
rElec   .          Harm     .   (no cloak)
rCorr   .          Rampage  .   (no gloves)
Will    .....                   (no boots)
Stlth   ..........              (no amulet)
HPRegen 0.23/turn               (no ring)
MPRegen 0.10/turn               (no ring)

@: berserking, weakened, glowing, very quick
A: sense surroundings 1, otherworldly, glowing, explore regen
a: Renounce Religion


You were on level 4 of the Dungeon.
You worshipped Xom.
You were a beloved toy of Xom.
You visited 1 branch of the dungeon, and saw 4 of its levels.

You collected 97 gold pieces.
You spent 60 gold pieces at shops.

Inventory:

Hand Weapons
 a - a +0 hand axe of chaos (weapon)
 s - a +0 morningstar
 t - the +7 sling "Ucosaust" {freeze, rF- rC+ Int+3 Dex+4}
   (You found it on level 3 of the Dungeon)

   Any ammunition fired from it freezes those it strikes, dealing additional
   cold damage.
   It can also slow down cold-blooded creatures.
   Int:       It affects your intelligence (+3).
   Dex:       It affects your dexterity (+4).
   rF:        It makes you vulnerable to fire.
   rC:        It protects you from cold.
Armour
 b - a +2 leather armour (worn)
 f - a +0 ring mail
 q - an orb of guile
Jewellery
 e - a ring of wizardry
 p - a ring of see invisible
Wands
 u - a wand of roots (10)
Scrolls
 i - a scroll of fear {unknown}
 o - a scroll of torment {unknown}
 v - a scroll of teleportation {unknown}
Potions
 d - 2 potions of resistance
 h - 3 potions of lignification
 j - a potion of haste
 k - a potion of cancellation {unknown}
 l - a potion of berserk rage
 m - 2 potions of flight {unknown}
 n - a potion of curing
 r - a potion of attraction {unknown}
Miscellaneous
 c - a piece from Xom's chessboard (15/15) (quivered)


   Skills:
 + Level 4.2 Fighting
 + Level 4.8 Axes
 + Level 3.8 Armour
 + Level 3.0 Dodging
 - Level 0.1 Necromancy
 + Level 2.4 Translocations
 - Level 0.1 Earth Magic
 + Level 2.4 Evocations


You had 5 spell levels left.
You didn't know any spells.
Your spell library contained the following spells:

 Spells                   Type           Power      Damage    Failure   Level
 Freeze                   Ice            0%         1d3       34%         1
 Frozen Ramparts          Ice            0%         1d1       71%         3
 Hailstorm                Conj/Ice       0%         3d3       98%         4
 Alistair's Intoxication  Tmut/Pois      0%         N/A       100%        5
 Borgnjor's Vile Clutch   Necr/Erth      0%         N/A       100%        5
 Eringya's Noxious Bog    Tmut/Pois      0%         N/A       100%        6


Dungeon Overview and Level Annotations

Branches:
Dungeon (4/15) Zot: 1267
 Temple: D:4-7

Altars:

Shops:
D:2 !


Innate Abilities, Weirdness & Mutations

You passively map a small area around you.
You are easily found by Zot.
You glow in the dark.
You regain HP and MP as you explore.


Message History

The gnoll misses your quasit.
Your quasit barely misses the gnoll.
Your quasit closely misses the gnoll.
Your quasit claws the gnoll but does no damage.
A jackal comes into view.
You hit the gnoll.
The gnoll seems to speed up.
The gnoll is lightly wounded.
The gnoll hits you with a +0 flail.
* * * LOW HITPOINT WARNING * * *
The gnoll hits your quasit with a +1 halberd of venom!
Your quasit dies!
Your quasit disappears in a puff of smoke!
The gnoll barely misses you.
A red film seems to cover your vision as you go berserk!
You feel yourself moving faster!
You feel mighty! The gnoll hits you with a +0 flail.
* * * LOW HITPOINT WARNING * * *
The gnoll closely misses you.
You are too berserk!
You slash the iguana!
The iguana resists with significant effort.
The iguana is heavily wounded.
You hit the gnoll. The gnoll completely misses you.
The iguana bites you but does no damage.
Unknown command.
You barely miss the gnoll.
The gnoll is heavily wounded.
You hit the iguana but do no damage.
The iguana seems to speed up.
Xom is highly amused!
The gnoll hits you from afar with a +1 halberd of venom!
* * * LOW HITPOINT WARNING * * *
The iguana bites you but does no damage.
The gnoll completely misses you.
You hit the gnoll. You freeze the gnoll.
The gnoll is severely wounded.
You miss the jackal. You hit the iguana.
The gnoll bouda gazes fiercely through you!
You feel as though you will be weak longer.
The gnoll hits you from afar with a +1 halberd of venom!
You die...
Xom snickers!

............###........
......##......#...#....
, , ,
#...##....††....###...
, , ,#...#.#........##
... ,
..#................. .#
* *....g.##†...........
, .##............... ,
., * ##.....#.....#....
, ..h##
#..gh@.#....##....
..hg..##.hlgg###..#* #.
#.g>..gg.....# ....
...######)........... ,
...###....... , #..##
..###.. , ,.... ..# , ,
....#, ... ,, , ####.#
,


You could see a gnoll bouda, an iguana (fast), 5 gnolls and 2 jackals.

Vanquished Creatures
  An ice beast (D:4)
  A scorpion (D:4)
  An orc wizard (D:3)
  A gnoll (D:4)
  2 adders
  A dart slug (D:1)
  4 orcs
  3 endoplasms
  3 giant cockroaches
  3 hobgoblins
  2 jackals (D:4)
  4 kobolds
  A quokka (D:3)
  6 ball pythons
  4 bats
  4 frilled lizards
  2 goblins (D:1)
  2 rats (D:2)
45 creatures vanquished.

Vanquished Creatures (collateral kills)
  A gnoll (D:4)
  An adder (D:4)
  A goblin (D:4)
  A jackal (D:4)
4 creatures vanquished.

Vanquished Creatures (others)
  A fungus (D:1)
1 creature vanquished.

Grand Total: 50 creatures vanquished

Notes
Turn   | Place    | Note
-------+----------+-------------------------------------------
     0 | D:1      | Descartes the Meteoran Chaos Knight began the quest for the
                  | Orb.
     0 | D:1      | Reached XP level 1. HP: 19/19 MP: 2/2
    92 | D:1      | Reached XP level 2. HP: 10/26 MP: 3/3
   174 | D:1      | Found a faded altar of an unknown god.
   307 | D:2      | Reached skill level 1 in Evocations
   307 | D:2      | Reached XP level 3. HP: 31/31 MP: 4/4
   346 | D:2      | XOM: silly message
   461 | D:2      | XOM: noise
   523 | D:2      | Found Zyikk's Distillery.
   526 | D:2      | Bought a potion of lignification for 30 gold pieces
   526 | D:2      | Bought a potion of curing for 30 gold pieces
   634 | D:2      | XOM: scenery: 1 doors close
   883 | D:3      | Identified the +7 sling "Ucosaust" {freeze, rF- rC+ Int+3
                  | Dex+4}
   960 | D:3      | Reached XP level 4. HP: 39/39 MP: 5/5
   968 | D:3      | Reached skill level 1 in Translocations
   985 | D:3      | XOM: summons 4 hostile shadow creatures
  1004 | D:3      | XOM: god gift: wand of roots (3)
  1018 | D:4      | Noticed a scorpion
  1044 | D:4      | XOM: summons friendly quasit
  1047 | D:4      | Reached XP level 5. HP: 22/46 MP: 6/6
  1066 | D:4      | Noticed an ice beast
  1082 | D:4      | Killed an ice beast
  1083 | D:4      | Reached XP level 6. HP: 26/52 MP: 7/7
  1121 | D:4      | Slain by a gnoll

Illustrated notes

Levels and vault maps discovered:
D:1:      tarquinn_simple_flora_water_d, layout_rooms, basic_ecumenical_altar
D:2:      layout_loops_corners, serial_shops, shop
D:3:      layout_rooms, serial_shops, shop
D:4:      layout_cave_pools, uniq_sigmund

Skill      XL: |  1  2  3  4  5  6 |
---------------+-------------------+-----
Evocations     | 1 2 |  2.4
Axes           | 4 |  4.8
Dodging        | 2 3 |  3.0
Armour         | 3 |  3.8
Translocations | 1 2 |  2.4
Fighting       | 4 |  4.2
Necromancy     | |  0.1
Earth Magic    | |  0.1

Action                   |  1- 3 |  4- 6 || total
-------------------------+-------+-------++-------
Melee: Hand axe          |    68 |    70 ||   138
       Punch             |     1 |     1 ||     2
  Use: Scroll            |     2 |     2 ||     4
       Potion            |       |     3 ||     3
 Stab: Paralysed         |       |     4 ||     4
       Distracted        |       |     1 ||     1
Armor: Leather armour    |    17 |    31 ||    48
Dodge: Dodged            |    40 |    38 ||    78
